 Dungeon Crawl Stone Soup version 0.31.0-32-g396128a36d (webtiles) character file.

Game seed: 419366918464454501

8 PaiMei the Grave Robber (level 2, -2/19 HPs)
             Began as a Demonspawn Necromancer on Apr 1, 2024.
             Slain by a quokka (5 damage)
             ... on level 1 of the Dungeon.
             The game lasted 00:00:46 (382 turns).

PaiMei the Grave Robber (Demonspawn Necromancer)     Turns: 382, Time: 00:00:47

Health: -2/19      AC:  2    Str:  8    XL:     2   Next: 0%
Magic:  1/5        EV: 12    Int: 15    God:
Gold:   18         SH:  0    Dex: 13    Spells: 4/5 levels left

rFire   . . .        e - +1 short sword (venom)
rCold   . . .        (no shield)
rNeg    . . .        a - +0 robe
rPois   .            (no helmet)
rElec   .            (no cloak)
rCorr   .            (no gloves)
SInv    .            (no boots)
Will    .....        (no amulet)
Stlth   ++           (no ring)
HPRegen 0.23/turn    (no ring)
MPRegen 0.09/turn

%: no passive effects
@: no status effects
A: hooves 1
a: no special abilities


You were on level 1 of the Dungeon.
You visited 1 branch of the dungeon, and saw 1 of its levels.

You collected 18 gold pieces.

Inventory:

Hand Weapons
 d - a +0 dagger
 e - a +1 short sword of venom (weapon)
Armour
 a - a +0 robe (worn)
Jewellery
 c - a +6 ring of dexterity
Scrolls
 f - 3 scrolls of teleportation {unknown}
Potions
 b - a potion of magic


   Skills:
 + Level 0.0 Fighting
 + Level 2.0 Dodging
 - Level 2.0 Stealth
 + Level 2.1 Spellcasting
 + Level 4.5 Necromancy


You had 4 spell levels left.
You knew the following spells:

 Your Spells              Type           Power      Damage    Failure   Level
a - Necrotise             Necr           60%        1d7       3%          1

Your spell library contained the following spells:

 Spells                   Type           Power      Damage    Failure   Level
 Vampiric Draining        Necr           15%        2d7       11%         3
 Cigotuvi's Dreadful Rot  Necr/Alch/Air  12%        N/A       19%         2
 Animate Dead             Necr           15%        N/A       34%         4
 Dispel Undead            Necr           15%        3d10      34%         4
 Martyr's Knell           Necr/Summ      8%         N/A       65%         4
 Curse of Agony           Necr           15%        N/A       67%         5
 Death Channel            Necr           7%         N/A       99%         6


Dungeon Overview and Level Annotations

Branches:
Dungeon (1/15)

Altars:


Innate Abilities, Weirdness & Mutations

You have large cloven feet.


Message History

Unknown command.
A hobgoblin comes into view.
The goblin shouts!
The hobgoblin shouts!
You hear a shout!
A hobgoblin comes into view.
The goblin closely misses you.
Casting: Necrotise (safe; 3% risk of failure)
Confirm with . or Enter, or press ? or * to list all spells.
Aiming: Necrotise (safe; 3% risk of failure)
Press: ? - help, Shift-Dir - straight line, f - goblin
Aim: a goblin, wielding a +0 club (chance to affect: 85%)
The goblin barely resists.
A giant cockroach comes into view.
The quokka barely misses you.
Casting: Necrotise (safe; 3% risk of failure)
Confirm with . or Enter, or press ? or * to list all spells.
Aiming: Necrotise (safe; 3% risk of failure)
Press: ? - help, Shift-Dir - straight line, f/p - goblin
Aim: a goblin, wielding a +0 club (chance to affect: 85%)
The goblin writhes in agony.
The quokka bites you. The quokka barely misses you.
The goblin hits you with a +0 club.
Casting: Necrotise (safe; 3% risk of failure)
Confirm with . or Enter, or press ? or * to list all spells.
Aiming: Necrotise (safe; 3% risk of failure)
Press: ? - help, Shift-Dir - straight line, f/p - goblin
Aim: a goblin, wielding a +0 club (chance to affect: 85%)
The goblin writhes in agony.
The quokka barely misses you. The hobgoblin hits you.
The goblin hits you with a +0 club.
Casting: Necrotise (safe; 3% risk of failure)
Confirm with . or Enter, or press ? or * to list all spells.
Aiming: Necrotise (safe; 3% risk of failure)
Press: ? - help, Shift-Dir - straight line, f/p - goblin
Aim: a goblin, wielding a +0 club (heavily wounded, chance to affect: 85%)
The goblin writhes in agony.
The quokka misses you. The hobgoblin barely misses you. The goblin misses you.
The goblin hits you with a +0 club.
* * * LOW HITPOINT WARNING * * *
The quokka bites you.
* * * LOW HITPOINT WARNING * * *
You closely miss the quokka. The quokka bites you.
You die...

#.#.#.#..#.# #.#
#.#.###..#.# #.#
#.#........# #.# #####
...........#####.#####.....
#................#.^.....#.
#......####..###..#.#.#.#..
................#.....)....
#...............#.#.#.#.#.
##'....⌠...#...@.g........
.#.##.......#...#r#.#.#.#.#
.#..###.....##....g.g......
###...#.....##.#.#.#.#.#.#.
..###.##....##.....B.......
#.#...##+...##..#.#.#.#.#.#
..#.### #...####....... ...
###.# #.. #.# #.#.# #.
###.# #.# ## ....


You could see a quokka, a giant cockroach, a hobgoblin and a goblin.

Vanquished Creatures
  A hobgoblin (D:1)
  2 kobolds (D:1)
  A bat (D:1)
  A frilled lizard (D:1)
5 creatures vanquished.

Vanquished Creatures (collateral kills)
  A dart slug (D:1)
1 creature vanquished.

Grand Total: 6 creatures vanquished

Notes
Turn   | Place    | Note
-------+----------+-------------------------------------------
     0 | D:1      | PaiMei the Demonspawn Necromancer began the quest for the
                  | Orb.
     0 | D:1      | Reached XP level 1. HP: 13/13 MP: 3/3
   297 | D:1      | Gained mutation: You have large cloven feet. [demonic
                  | ancestry]
   297 | D:1      | Reached XP level 2. HP: 16/19 MP: 0/5
   382 | D:1      | Slain by a quokka

Illustrated notes

Levels and vault maps discovered:
D:1:      nicolae_arrival_somewhat_less_tricky_arrival, layout_basic,
          hex_medium, minmay_unequal

Skill      XL: |  1 |
---------------+----+-----
Stealth        | 2 |  2.0
Dodging        | 2 |  2.0
Spellcasting   | |  2.1
Necromancy     | |  4.5

Action                     || total
---------------------------++-------
  Melee: Short sword       ||     8
   Cast: Necrotise         ||    12
   Stab: Distracted        ||     1
 Armour: Robe              ||    10
  Dodge: Dodged            ||    11
